Map: Frozen Temple

Players

IOIOIOIOIO

  • Race: Protoss Protoss
  • Spawn Location: 11:00

Fropez - Winner!

  • Race: Protoss Protoss
  • League: Silver
  • Spawn Location: 5:00

VOD

Have the link to the VOD?

Description

Time

  • Played on: May 18, 2016, 10:51 a.m.
  • Length: 7:55
Show
View Real Time Build Order
Export as new Build Order

IOIOIOIOIO Protoss 

Build Orders: Double Forge 

Get SALT Encoding   

  12  0:04  Probe (Chrono Boost)  
  13  0:15  Probe (Chrono Boost)  
  14  0:22  Pylon  
  14  0:34  Probe (Chrono Boost)  
  15  0:44  Gateway  
  15  0:45  Probe (Chrono Boost)  
  16  0:58  Probe (Chrono Boost)  
  16  1:03  Assimilator  
  17  1:09  Probe (Chrono Boost)  
  18  1:19  Probe (Chrono Boost)  
  19  1:30  Probe (Chrono Boost)  
  20  1:41  Probe (Chrono Boost)  
  21  1:51  Nexus, Probe (Chrono Boost)  
  21  1:53  Pylon  
  22  2:02  Probe (Chrono Boost)  
  23  2:13  Pylon  
  23  2:29  Pylon  
  23  2:33  Pylon  
  23  2:43  Cybernetics Core  
  23  2:51  Gateway x2  
  24  3:05  Probe (Chrono Boost)  
  24  3:08  Forge  
  24  3:10  Forge  
  24  3:16  Probe (Chrono Boost)  
  24  3:19  Assimilator  
  25  3:26  Probe (Chrono Boost)  
  27  3:34  Probe (Chrono Boost)  
  27  3:37  Probe (Chrono Boost)  
  27  3:39  Stalker  
  27  3:40  Stalker  
  32  3:45  Probe (Chrono Boost)  
  32  3:48  Warp Gate, Mothership Core (Chrono Boost)  
  35  3:55  Probe (Chrono Boost)  
  36  4:00  Protoss Ground Weapons Level 1  
  30  4:40  Probe (Chrono Boost)  
  30  4:45  Protoss Ground Armor Level 1  
  31  4:50  Probe (Chrono Boost), Photon Cannon  
  32  4:58  Stalker x2  
  36  5:01  Probe (Chrono Boost)  
  37  5:09  Stargate  
  37  5:12  Probe (Chrono Boost)  
  38  5:22  Probe (Chrono Boost)  
  39  5:28  Robotics Facility  
  39  5:40  Assimilator  
  39  5:42  Assimilator  
  39  5:58  Oracle  
  42  6:04  Probe (Chrono Boost)  
  42  6:10  Pylon  
  43  6:15  Probe (Chrono Boost)  
  46  6:19  Observer  
  45  6:25  Probe (Chrono Boost)  
  45  6:36  Probe (Chrono Boost)  
  44  6:44  Stalker  
Show
View Real Time Build Order
Export as new Build Order

Fropez Protoss - Winner!

Build Orders:  

Get SALT Encoding   

  12  0:01  Probe (Chrono Boost)  
  13  0:19  Probe (Chrono Boost)  
  14  0:34  Probe (Chrono Boost)  
  15  0:39  Assimilator  
  15  0:43  Assimilator  
  15  0:46  Pylon  
  15  1:07  Forge  
  15  1:10  Gateway  
  15  1:15  Probe (Chrono Boost)  
  16  1:25  Probe (Chrono Boost)  
  17  1:27  Pylon  
  17  1:36  Probe (Chrono Boost)  
  18  1:46  Probe (Chrono Boost)  
  19  1:51  Photon Cannon  
  19  2:02  Cybernetics Core  
  19  2:18  Gateway  
  19  2:33  Probe (Chrono Boost), Gateway  
  20  2:44  Probe (Chrono Boost)  
  21  2:47  Warp Gate  
  21  2:50  Protoss Ground Weapons Level 1 (Chrono Boost)  
  21  2:54  Probe (Chrono Boost)  
  22  3:06  Adept (Chrono Boost), Probe  
  25  3:22  Probe  
  25  3:25  Adept (Chrono Boost)  
  28  3:35  Mothership Core  
  28  3:36  Pylon  
  30  3:47  Pylon  
  32  3:58  Adept (Chrono Boost)  
  28  4:39  Adept (Chrono Boost)  
  28  4:43  Adept (Chrono Boost)  
  28  4:44  Protoss Ground Armor Level 1 (Chrono Boost)  
  32  4:47  Nexus  
  32  4:54  Gateway x2  
  32  4:56  Probe  
  33  5:27  Adept x3  
  39  5:40  Pylon  
  39  5:41  Probe  
  40  5:53  Probe  
  41  5:57  Adept x3  
  41  5:58  Adept x2  
  41  6:58  Stalker x5  
  51  7:04  Nexus  
  51  7:06  Assimilator  
  51  7:07  Assimilator  
  47  7:13  Pylon  
  45  7:20  Pylon  
  45  7:23  Pylon  
Tags
 
League
Silver
Matchup
PvP
Replay Pack
All Mines
Spawn Locations
Cross Positions
Add a new tag
Caveats
  • Supply blocks, unpowered buildings, or Contaminate may cause inaccurate times.
  • Supply counts are checked every 10 seconds.